 Dungeon Crawl Stone Soup version 0.29.1-2-gbd0b4ee654 (webtiles) character file.

Game seed: 8766316064322996744

7034 caveywoolpert the Geomancer (level 11, -6/67 HPs)
             Began as a Gargoyle Earth Elementalist on Nov 1, 2022.
             Was a High Priest of Vehumet.
             Mangled by a caustic shrike (shapeshifter) (24 damage)
             ... on level 9 of the Dungeon.
             The game lasted 00:26:15 (8551 turns).

caveywoolpert the Geomancer (GrEE)                  Turns: 8551, Time: 00:26:16

Health: -6/67      AC: 15    Str: 12    XL:     11   Next: 8%
Magic:  24/29      EV: 17    Int: 20    God:    Vehumet [*****.]
Gold:   471        SH:  0    Dex: 10    Spells: 11/22 levels left

rFire   . . .      SeeInvis .   u - staff of conjuration
rCold   + . .      Faith    .   t - orb {light}
rNeg    + . .      Spirit   .   E - +2 leather armour {rC+}
rPois   ∞          Reflect  .   (no helmet)
rElec   +          Harm     .   (no cloak)
rCorr   .          Rampage  .   (no gloves)
Will    .....                   L - +0 pair of boots
Stlth   +.........              (no amulet)
HPRegen 0.21/turn               H - +4 ring of evasion
MPRegen 0.21/turn               y - ring of magical power

@: glowing
A: sickness immunity, AC +8, negative energy resistance 1, electricity
resistance, torment resistance 1, petrification resistance
a: Renounce Religion


You were on level 9 of the Dungeon.
You worshipped Vehumet.
Vehumet was extremely pleased with you.
You visited 1 branch of the dungeon, and saw 9 of its levels.

You collected 471 gold pieces.

Inventory:

Hand Weapons
 g - a +0 dagger of speed
Missiles
 m - 11 throwing nets
Armour
 s - the +6 chain mail of Hedging {rF+++ rC- Dex-3 Stlth+}
   (You found it on level 2 of the Dungeon)

   Dex:       It affects your dexterity (-3).
   rF:        It renders you almost immune to fire.
   rC:        It makes you vulnerable to cold.
   Stlth:     It makes you more stealthy.
 t - an orb of light (worn)
 B - a +0 buckler
 E - a +2 leather armour of cold resistance (worn)
 L - a +0 pair of boots (worn)
Magical Staves
 u - a staff of conjuration (weapon)
Jewellery
 w - a ring of willpower
 y - a ring of magical power (right hand)
 C - a ring of wizardry
 H - a +4 ring of evasion (left hand)
 M - a ring of flight
 N - a ring of fire
Wands
 a - a wand of roots (13)
 G - a wand of charming (4)
 K - a wand of quicksilver (14)
Scrolls
 c - a scroll of teleportation
 e - a scroll of poison
 f - 2 scrolls of fear
 h - 2 scrolls of magic mapping
 i - a scroll of identify
 j - a scroll of vulnerability
 k - 3 scrolls of enchant armour
 n - a scroll of silence
 p - 2 scrolls of brand weapon
 D - 2 scrolls of blinking
 F - a scroll of amnesia
 I - a scroll of immolation
 J - a scroll of enchant weapon
Potions
 b - 2 potions of magic
 d - a potion of curing
 l - a potion of resistance {unknown}
 o - a potion of might {unknown}
 q - 3 potions of flight {unknown}
 r - 3 potions of haste {unknown}
 v - 3 potions of ambrosia {unknown}
 x - a potion of attraction {unknown}
 z - a potion of brilliance {unknown}
 A - 2 potions of berserk rage {unknown}


   Skills:
 + Level 7.0 Fighting
 + Level 6.8 Armour
 + Level 5.7 Dodging
 - Level 2.1 Stealth
 + Level 6.2 Spellcasting
 + Level 4.7 Conjurations
 - Level 0.7 Transmutations
 * Level 4.0 Fire Magic
 + Level 10.8 Earth Magic


You had 11 spell levels left.
You knew the following spells:

 Your Spells              Type           Power      Damage    Failure   Level
a - Sandblast             Erth           98%        2d20      1%          1
b - Fireball              Conj/Fire      17%        3d9       16%         5
c - Lee's Rapid Deconstr  Erth           24%        3d14*     1%          5

Your spell library contained the following spells:

 Spells                   Type           Power      Damage    Failure   Level
 Passwall                 Tmut/Erth      24%        N/A       1%          2
 Stone Arrow              Conj/Erth      100%       3d13      1%          3
 Dazzling Flash           Conj/Hex       46%        N/A       4%          3
 Petrify                  Tmut/Erth      29%        N/A       12%         4
 Apportation              Tloc           12%        N/A       13%         1
 Necrotise                Necr           24%        1d5       13%         1
 Summon Small Mammal      Summ           24%        N/A       13%         1
 Iskenderun's Mystic Bla  Conj/Tloc      23%        2d6       13%         4
 Iskenderun's Battlesphe  Conj           37%        2d9       13%         5
 Gell's Gravitas          Tloc           6%         N/A       36%         3
 Teleport Other           Tloc           6%         N/A       36%         3
 Vampiric Draining        Necr           6%         2d6       36%         3
 Starburst                Conj/Fire      17%        6d6       58%         6
 Conjure Ball Lightning   Conj/Air       11%        3x3d6     83%         6
 Orb of Destruction       Conj           18%        9d8       97%         7
 Agony                    Necr           6%         N/A       98%         5
 Dispersal                Tloc           3%         N/A       100%        6


Dungeon Overview and Level Annotations

Branches:
Dungeon (9/15)             Temple (0/1) D:4
   Lair: D:8-11         Orc: D:9-12

Altars:
Cheibriados
Dithmenos
Elyvilon
Fedhas
Kikubaaqudgha
Sif Muna
Vehumet
Xom

Annotations:
D:5 1 runed translucent door, Crazy Yiuf


Innate Abilities, Weirdness & Mutations

You are immune to sickness and miasma.
Your stone body is resilient. (AC +8)
You are immune to poison.
You resist negative energy. (rN+)
You are resistant to electric shocks. (rElec)
You are resistant to unholy torment.
You are immune to petrification.


Message History

Casting: Sandblast (safe; 1% risk of failure)
Confirm with . or Enter, or press ? or * to list all spells.
Aiming: Sandblast (safe; 1% risk of failure)
Press: ? - help, Shift-Dir - straight line, f/p - howler monkey
Aim: a howler monkey (almost dead, catching its breath, haloed, 86% to hit)
The blast of sand misses the howler monkey.
The howler monkey misses you. x2
Unknown command.
Casting: Sandblast (safe; 1% risk of failure)
Confirm with . or Enter, or press ? or * to list all spells.
Aiming: Sandblast (safe; 1% risk of failure)
Press: ? - help, Shift-Dir - straight line, f/p - howler monkey
Aim: a howler monkey (almost dead, haloed, 86% to hit)
The blast of sand hits the howler monkey!
You kill the howler monkey!
Vehumet accepts your kill.
You feel your power returning.
You see here a howler monkey corpse.
Found 16 gold pieces.
Found 9 gold pieces.
There is an open door here.
You now have 462 gold pieces (gained 16).
You now have 471 gold pieces (gained 9).
Found a ring mail.
An alligator snapping turtle comes into view.
The alligator snapping turtle changes into a caustic shrike!
The caustic shrike claws you.
You are splashed with acid.
Casting: Sandblast (safe; 1% risk of failure)
Confirm with . or Enter, or press ? or * to list all spells.
Aiming: Lee's Rapid Deconstruction (dangerous; 1% risk of failure)
Press: ? - help, Dir - move target A stone wall.
This square is lit by a halo.
The wall shatters!
The blast of rock fragments hits the caustic shrike.
The caustic shrike is lightly wounded.
The caustic shrike claws you!!
You are splashed with acid!
* * * LOW HITPOINT WARNING * * *
The caustic shrike claws you!!
You die...

...........# #....# #####.#
...........# #....# #.....#
...........# #....# #.....#
...........#######....#####.....#
...............†................'
.................#####..........#
...#######.).....# #.....†.....
...#.....#.......# #..........#
...#.....'......@# #..........#
...#.....#......b# ##..........#
...#.....###.....###.............
...#.......#......^....##'##.....
..<#.......#.......#### ...'.....
...###.....#......#...
.....#............#....
.....#.....#......# ...
#..........#......# ..


You could see a caustic shrike shaped shifter.

Vanquished Creatures
  2 two-headed ogres
  2 kobold demonologists (D:9)
  5 yaks (D:9)
  A wyvern (D:9)
  2 steam dragons
  An acid dragon (D:9)
  A water moccasin (D:5)
  A sky beast (D:8)
  2 ice beasts
  3 orc warriors
  A black bear (D:5)
  2 ogres
  A centaur (D:7)
  4 kobold brigands
  2 bullfrogs (D:8)
  5 gnoll sergeants
  7 wights
  6 killer bees (D:9)
  3 howler monkeys
  An electric eel (D:6)
  10 hounds
  3 gnoll boudas
  3 jellies
  2 orc priests
  Natasha (thrice) (D:2)
  15 orc wizards
  38 gnolls
  10 adders
  A shadow imp (D:7)
  A white imp (D:3)
  3 dart slugs
  38 orcs
  3 bat zombies (D:6)
  2 endoplasms
  4 giant cockroaches
  10 goblins
  6 hobgoblins
  3 iguanas
  12 jackals
  A quokka (D:1)
  3 ball pythons
  2 bats
  2 frilled lizards
  15 kobolds
  5 rats
  2 rat zombies (D:6)
249 creatures vanquished.

Vanquished Creatures (others)
  4 demonic plants (D:2)
  4 fungi (D:2)
  4 plants (D:2)
  3 withered plants (D:2)
15 creatures vanquished.

Grand Total: 264 creatures vanquished

Notes
Turn   | Place    | Note
-------+----------+-------------------------------------------
     0 | D:1      | caveywoolpert the Gargoyle Earth Elementalist began the
                  | quest for the Orb.
     0 | D:1      | Reached XP level 1. HP: 10/10 MP: 3/3
   170 | D:1      | Reached XP level 2. HP: 16/16 MP: 3/5
   287 | D:1      | Reached skill level 4 in Earth Magic
   861 | D:2      | Reached skill level 1 in Fighting
   924 | D:2      | Found a radiant altar of Vehumet.
   928 | D:2      | Reached XP level 3. HP: 20/20 MP: 4/6
   939 | D:2      | Became a worshipper of Vehumet
  1188 | D:2      | Noticed Natasha
  1191 | D:2      | Killed Natasha
  1192 | D:2      | Reached XP level 4. HP: 25/25 MP: 4/7
  1336 | D:2      | Noticed Natasha
  1337 | D:2      | Found a faded altar of an unknown god.
  1340 | D:2      | Killed Natasha
  1605 | D:2      | Identified the +6 chain mail of Hedging {rF+++ rC- Dex-3
                  | Stlth+}
  1611 | D:2      | Noticed Natasha
  1613 | D:2      | Killed Natasha
  1614 | D:2      | Reached skill level 5 in Earth Magic
  1652 | D:2      | Reached XP level 5. HP: 24/30 MP: 6/8
  2082 | D:3      | Reached * piety under Vehumet
  2082 | D:3      | Offered knowledge of Foxfire by Vehumet.
  2185 | D:3      | Reached skill level 1 in Armour
  2199 | D:3      | Reached XP level 6. HP: 36/36 MP: 6/10
  2202 | D:3      | Found a shimmering altar of Xom.
  2625 | D:4      | Found a snail-covered altar of Cheibriados.
  2635 | D:4      | Found a staircase to the Ecumenical Temple.
  2683 | D:4      | Reached skill level 6 in Earth Magic
  3149 | D:4      | Reached XP level 7. HP: 41/41 MP: 6/11
  3909 | D:5      | Entered Level 5 of the Dungeon
  4033 | D:5      | Found a shimmering blue altar of Sif Muna.
  4113 | D:5      | Reached skill level 7 in Earth Magic
  4242 | D:5      | Found a white marble altar of Elyvilon.
  4262 | D:5      | Offered knowledge of Shock by Vehumet.
  4263 | D:5      | Reached XP level 8. HP: 48/48 MP: 13/13
  4438 | D:5      | Found a runed translucent door.
  4439 | D:5      | Noticed Crazy Yiuf
  4775 | D:6      | Noticed a two-headed ogre
  4796 | D:6      | Killed a two-headed ogre
  4797 | D:6      | Reached skill level 8 in Earth Magic
  4989 | D:6      | Reached ** piety under Vehumet
  5056 | D:6      | Reached XP level 9. HP: 50/52 MP: 15/15
  5107 | D:6      | Reached skill level 5 in Fighting
  5210 | D:6      | Reached skill level 9 in Earth Magic
  5268 | D:6      | Offered knowledge of Mephitic Cloud by Vehumet.
  5449 | D:6      | Reached *** piety under Vehumet
  5503 | D:6      | Reached skill level 1 in Conjurations
  5530 | D:6      | Learned a level 5 spell: Fireball
  5659 | D:6      | Reached skill level 5 in Armour
  5950 | D:6      | Reached skill level 5 in Spellcasting
  5960 | D:6      | Offered knowledge of Ignite Poison by Vehumet.
  6156 | D:6      | Found an ancient bone altar of Kikubaaqudgha.
  6196 | D:7      | Reached skill level 1 in Fire Magic
  6224 | D:7      | Found a shadowy altar of Dithmenos.
  6549 | D:7      | Reached **** piety under Vehumet
  6554 | D:7      | Reached XP level 10. HP: 51/60 MP: 17/17
  6581 | D:7      | Reached skill level 10 in Earth Magic
  7017 | D:8      | Found a blossoming altar of Fedhas.
  7124 | D:8      | Offered knowledge of Lee's Rapid Deconstruction by Vehumet.
  7131 | D:8      | Learned a level 5 spell: Lee's Rapid Deconstruction
  7137 | D:8      | Reached skill level 5 in Dodging
  8011 | D:9      | Noticed a two-headed ogre
  8021 | D:9      | Killed a two-headed ogre
  8314 | D:9      | Noticed a kobold demonologist
  8314 | D:9      | Noticed a kobold demonologist
  8317 | D:9      | Killed a kobold demonologist
  8323 | D:9      | Noticed an orange demon
  8323 | D:9      | Killed a kobold demonologist
  8324 | D:9      | Reached XP level 11. HP: 66/66 MP: 4/20
  8476 | D:9      | Reached ***** piety under Vehumet
  8536 | D:9      | Noticed an alligator snapping turtle
  8545 | D:9      | Noticed a caustic shrike
  8545 | D:9      | an alligator snapping turtle changed into a caustic shrike
  8551 | D:9      | Mangled by a caustic shrike (shapeshifter)

Illustrated notes

Levels and vault maps discovered:
D:1:      kennysheep_arrival_forest, layout_basic, serial_bayou_pond_e,
          chequers_serial_rivers_micro_b
D:2:      layout_loops_ring, shapermc_ecumenical_altar_gd, basic_altar,
          uniq_natasha
D:3:      layout_rooms, dk_xom_monty_hall
D:4:      layout_cave_pods, cheibriados_altar_1, temple_statues
D:5:      layout_cave_pools, mainiacjoe_overflow_concentric_impassable,
          lemuel_round_altar, uniq_crazy_yiuf_cottage
D:6:      layout_cave_pools, lemuel_zombie_altar_kikubaaqudgha,
          serial_gnoll_camp, gnoll_camp_huts_moat, gnoll_camp_mini_house,
          gnoll_camp_medium_01, gnoll_camp_mini_doghouse,
          grunt_decor_mini_mirrors
D:7:      layout_cave_pools, grunt_dithmenos_smoke_and_mirrors
D:8:      layout_cave_pools, mainiacjoe_overflow_paths,
          chequers_serial_rivers_marsh
D:9:      layout_irregular_city, orc_0_dummy, hangedman_corner_corridor,
          uniq_grum

Skill      XL: |  1  2  3  4  5  6  7  8  9 10 11 |
---------------+----------------------------------+-----
Earth Magic    | 4 5 6 7 8 9 10 | 10.8
Fighting       | 1 2 3 4 5 6 7 |  7.0
Dodging        | 2 3 4 5 |  5.7
Armour         | 1 3 4 5 6 |  6.8
Spellcasting   | 3 4 5 6 |  6.2
Conjurations   | 2 4 |  4.7
Fire Magic     | 1 3 4 |  4.0
Stealth        | |  2.1
Transmutations | |  0.7

Action                   |  1- 3 |  4- 6 |  7- 9 | 10-12 || total
-------------------------+-------+-------+-------+-------++-------
Melee: Staff             |       |       |     1 |     1 ||     2
 Cast: Sandblast         |    31 |    83 |   225 |   100 ||   439
       Lee's Rapid Decon |       |       |       |    19 ||    19
Evoke: Wand              |       |       |     1 |     1 ||     2
  Use: Scroll            |       |       |    11 |     3 ||    14
Armor: Robe              |     3 |    15 |       |       ||    18
       Leather armour    |       |       |    41 |    30 ||    71
Dodge: Dodged            |     2 |    20 |   109 |    54 ||   185
